 Dungeon Crawl Stone Soup version 0.23-a0-389-g4a5eb33 (webtiles) character file.

186 Ijustatesigmund the Magician (level 5, -1/55 HPs)
             Began as a Gnoll Wizard on Oct 29, 2018.
             Killed from afar by an orc wizard (5 damage)
             ... with a puff of flame
             ... on level 3 of the Dungeon.
             The game lasted 00:04:02 (1644 turns).

Ijustatesigmund the Magician (Gnoll Wizard)         Turns: 1644, Time: 00:04:02

Health: -1/55      AC: 25    Str:  9    XL:     5   Next: 65%
Magic:  4/14       EV:  2    Int: 24    God:
Gold:   145        SH:  0    Dex: 13    Spells: 15/18 levels left

rFire    . . .     SeeInvis .   o - +1 dagger (holy)
rCold    . . .     Gourm    .   (no shield)
rNeg     + + +     Faith    .   (armour currently unavailable)
rPois    +         Spirit   .   (helmet currently unavailable)
rElec    .         Reflect  .   (cloak currently unavailable)
rCorr    .         Harm     .   (gloves currently unavailable)
MR       .....     NoTele   +   (boots currently unavailable)
Stlth    +++.......             (no amulet)
HPRegen  0.18/turn              f - +3 ring of protection
MPRegen  0.14/turn              k - -3 ring of intelligence (curse)

@: brilliant, tree-form, hasted, very quick
A: distributed training, strong nose
a: no special abilities


You were on level 3 of the Dungeon.
You were not hungry.
You were a tree.
You visited 1 branch of the dungeon, and saw 3 of its levels.

You collected 145 gold pieces.

Inventory:

Hand Weapons
 o - a +1 dagger of holy wrath (weapon)
Armour
 a - a +0 robe (melded)
 b - a +1 hat (melded)
Jewellery
 f - a +3 ring of protection (left branch)
 k - a cursed -3 ring of intelligence (right branch)
Potions
 e - a potion of haste
 g - a potion of flight
 h - a potion of might
 j - a potion of curing
 n - a potion of brilliance
Comestibles
 d - 3 rations


   Skills:
 + Level 1.5 Fighting
 + Level 1.5 Short Blades
 + Level 1.5 Long Blades
 + Level 1.5 Axes
 + Level 1.5 Maces & Flails
 + Level 1.5 Polearms
 + Level 1.5 Staves
 + Level 1.5 Slings
 + Level 1.5 Bows
 + Level 1.5 Crossbows
 + Level 1.5 Throwing
 + Level 1.5 Armour
 + Level 4.8 Dodging
 + Level 4.4 Stealth
 + Level 1.5 Shields
 + Level 1.5 Unarmed Combat
 + Level 7.3 Spellcasting
 + Level 2.4 Conjurations
 + Level 1.2 Hexes
 + Level 1.2 Charms
 + Level 2.4 Summonings
 + Level 1.2 Necromancy
 + Level 2.4 Translocations
 + Level 1.2 Transmutations
 + Level 1.2 Fire Magic
 + Level 1.2 Ice Magic
 + Level 1.2 Air Magic
 + Level 1.2 Earth Magic
 + Level 1.2 Poison Magic
 + Level 1.7 Invocations
 + Level 1.5 Evocations


You had 15 spell levels left.
You knew the following spells:

 Your Spells              Type           Power        Failure   Level  Hunger
a - Magic Dart            Conj           ####         1%          1    None
b - Blink                 Tloc           N/A          1%          2    None

Your spell library contained the following spells:

 Spells                   Type           Power        Failure   Level  Hunger
 Call Imp                 Summ           ####....     1%          2    None
 Slow                     Hex            ####....     1%          2    None
 Conjure Flame            Conj/Fire      ####....     1%          3    None
 Mephitic Cloud           Conj/Pois/Air  ####....     1%          3    None


Dungeon Overview and Level Annotations

Branches:
Dungeon (3/15)

Altars:


Innate Abilities, Weirdness & Mutations

Your experience applies equally to all skills.
((You have very sharp teeth.))
Your uncanny sense of smell can sniff out nearby items.


Message History

You turn into a tree.
Your +1 hat melds into your body.
Your +0 robe melds into your body.
Your roots penetrate the ground.
Something completely misses you.
You barely miss something. You hit something but do no damage.
You hear some strange, mumbled words.
A magic dart appears from out of thin air!
The magic dart hits you!
You closely miss something. Something hits you but does no damage.
You hit something. You hit something but do no damage.
Something hits you but does no damage.
You hit something. Something hits you but does no damage.
You closely miss something. You hit something.
Something hits you but does no damage.
You closely miss something. You hit something but do no damage.
You hear some strange, mumbled words.
A puff of flame appears from out of thin air!
The puff of flame hits you!
You die...

######### .......(# ####
#######.######### ....
#...............
####..###.############.#
.(....)♣†)...........#..
#.....{...######.......>
#.##..##### ###.#.# #..
#.#.# #.. ∆ #.... ....
#..#. .... #. ## ....
#..#. #...


There were no monsters in sight!

Vanquished Creatures
  A hound (D:2)
  2 orc wizards (D:3)
  An orc priest (D:3)
  3 adders
  A dart slug (D:2)
  3 orcs (D:3)
  6 bats
  A giant cockroach (D:1)
  3 goblins
  7 hobgoblins
  2 jackals (D:1)
  8 kobolds
  A quokka (D:2)
  A frilled lizard (D:2)
  5 rats
45 creatures vanquished.

Notes
Turn   | Place    | Note
-------+----------+-------------------------------------------
     0 | D:1      | Ijustatesigmund the Gnoll Wizard began the quest for the
                  | Orb.
     0 | D:1      | Reached XP level 1. HP: 13/13 MP: 8/8
   234 | D:1      | Reached XP level 2. HP: 19/19 MP: 8/10
   641 | D:2      | Learned a level 2 spell: Blink
   804 | D:2      | Reached XP level 3. HP: 25/25 MP: 7/11
   858 | D:2      | Reached skill level 1 in Invocations
  1018 | D:2      | Reached skill level 1 in Fighting
  1018 | D:2      | Reached skill level 1 in Short Blades
  1018 | D:2      | Reached skill level 1 in Long Blades
  1018 | D:2      | Reached skill level 1 in Axes
  1018 | D:2      | Reached skill level 1 in Maces & Flails
  1018 | D:2      | Reached skill level 1 in Polearms
  1018 | D:2      | Reached skill level 1 in Staves
  1018 | D:2      | Reached skill level 1 in Slings
  1018 | D:2      | Reached skill level 1 in Bows
  1018 | D:2      | Reached skill level 1 in Crossbows
  1018 | D:2      | Reached skill level 1 in Throwing
  1018 | D:2      | Reached skill level 1 in Armour
  1018 | D:2      | Reached skill level 1 in Shields
  1018 | D:2      | Reached skill level 1 in Unarmed Combat
  1018 | D:2      | Reached skill level 1 in Evocations
  1018 | D:2      | Reached XP level 4. HP: 23/32 MP: 1/13
  1282 | D:3      | Reached skill level 1 in Hexes
  1282 | D:3      | Reached skill level 1 in Charms
  1282 | D:3      | Reached skill level 1 in Necromancy
  1282 | D:3      | Reached skill level 1 in Transmutations
  1282 | D:3      | Reached skill level 1 in Fire Magic
  1282 | D:3      | Reached skill level 1 in Ice Magic
  1282 | D:3      | Reached skill level 1 in Air Magic
  1282 | D:3      | Reached skill level 1 in Earth Magic
  1282 | D:3      | Reached skill level 1 in Poison Magic
  1297 | D:3      | Reached XP level 5. HP: 16/37 MP: 2/14
  1631 | D:3      | HP: 1/37 [something (3)]
  1644 | D:3      | Killed from afar by an orc wizard

Vault maps used:
D:1:      minmay_arrival_four_loops
D:2:      first_ration, minmay_circled_x
D:3:      elyvilon_altar_5

Skill      XL: |  1  2  3  4 |
---------------+-------------+-----
Conjurations   | 2 |  2.4
Summonings     | 2 |  2.4
Translocations | 2 |  2.4
Invocations    | 1 |  1.7
Fighting       | 1 |  1.5
Short Blades   | 1 |  1.5
Long Blades    | 1 |  1.5
Axes           | 1 |  1.5
Maces & Flails | 1 |  1.5
Polearms       | 1 |  1.5
Staves         | 1 |  1.5
Slings         | 1 |  1.5
Bows           | 1 |  1.5
Crossbows      | 1 |  1.5
Throwing       | 1 |  1.5
Armour         | 1 |  1.5
Shields        | 1 |  1.5
Unarmed Combat | 1 |  1.5
Evocations     | 1 |  1.5
Hexes          | 1 |  1.2
Charms         | 1 |  1.2
Necromancy     | 1 |  1.2
Transmutations | 1 |  1.2
Fire Magic     | 1 |  1.2
Ice Magic      | 1 |  1.2
Air Magic      | 1 |  1.2
Earth Magic    | 1 |  1.2
Poison Magic   | 1 |  1.2
Dodging        | |  4.8
Stealth        | |  4.4
Spellcasting   | |  7.3

Action                   |  1- 3 |  4- 6 || total
-------------------------+-------+-------++-------
Melee: Short sword       |    17 |     2 ||    19
       Dagger            |       |    63 ||    63
       Bite              |       |     3 ||     3
 Cast: Magic Dart        |    65 |    42 ||   107
  Use: Scroll            |     4 |     5 ||     9
       Potion            |       |     5 ||     5
  Eat: Chunk             |       |     2 ||     2
Armor: Robe              |    14 |    24 ||    38
       Skin              |       |     4 ||     4
Dodge: Dodged            |    30 |    38 ||    68

Table legend:
 A = Non-vault XP
 B = Vault XP
 C = Vault XP percentage of total XP
 D = Non-vault monster count
 E = Vault monster count
 F = Vault count percentage of total count
                 A         B        C        D         E       F
            +---------+---------+-------+---------+---------+-------
      Total |     260 |       6 |   2.3 |      41 |       4 |   8.9
            +---------+---------+-------+---------+---------+-------
        D:1 |      25 |       0 |   0.0 |      14 |       0 |   0.0
        D:2 |      92 |       6 |   6.1 |      16 |       4 |  20.0
        D:3 |     143 |       0 |   0.0 |      11 |       0 |   0.0
            +---------+---------+-------+---------+---------+-------
